 Dungeon Crawl Stone Soup version 0.24-a0-520-g8fd06ad0bc (webtiles) character file.

Game seed: 575911595229281174

840 Mithandil the Conjurer (level 7, 0/36 HPs)
             Began as a Deep Elf Conjurer on July 24, 2019.
             Slain by Grinder (2 damage)
             ... while paralysed by Grinder
             ... on level 6 of the Dungeon on July 25, 2019.
             The game lasted 00:44:04 (5244 turns).

Mithandil the Conjurer (Deep Elf Conjurer)          Turns: 5244, Time: 00:44:04

Health: 0/36       AC:  7    Str:  7    XL:     7   Next: 67%
Magic:  13/18      EV:  2    Int: 20    God:
Gold:   295        SH:  0    Dex: 15    Spells: 7/18 levels left

rFire    . . .     SeeInvis .   a - +0 dagger (venom)
rCold    + . .     Gourm    .   (no shield)
rNeg     . . .     Faith    .   x - +2 leather armour {rC+}
rPois    .         Spirit   .   u - +0 helmet
rElec    .         Reflect  .   (no cloak)
rCorr    .         Harm     .   (no gloves)
MR       .....                  g - +0 pair of boots
Stlth    +++.......             h - amulet of regeneration
HPRegen  0.52/turn              (no ring)
MPRegen  0.16/turn              (no ring)

@: paralysed
A: no striking features
a: no special abilities


You were on level 6 of the Dungeon.
You were not hungry.

You visited 2 branches of the dungeon, and saw 8 of its levels.

You collected 295 gold pieces.

Inventory:

Hand Weapons
 a - a +0 dagger of venom (weapon)
 b - a +2 short sword of venom
 l - a cursed -3 shortbow
Missiles
 e - 131 arrows
 w - 20 poisoned darts (quivered)
Armour
 g - a +0 pair of boots (worn)
 n - a +2 robe of resistance
 p - a +0 large shield
 u - a +0 helmet (worn)
 x - a +2 leather armour of cold resistance (worn)
Jewellery
 d - a cursed -5 ring of evasion {unknown}
 h - an amulet of regeneration (around neck)
Scrolls
 f - 3 scrolls of teleportation
 m - a scroll of noise {unknown}
 q - 3 scrolls of identify
 r - a scroll of fear {unknown}
 s - a scroll of remove curse
 t - a scroll of amnesia {unknown}
 v - a scroll of brand weapon {unknown}
Potions
 i - 3 potions of lignification {unknown}
 j - 2 potions of curing {unknown}
 k - a potion of brilliance {unknown}
 o - a potion of agility {unknown}
 z - 2 potions of flight {unknown}
Comestibles
 c - 7 rations


   Skills:
 + Level 2.7 Short Blades
 + Level 4.4 Dodging
 + Level 4.8 Stealth
 * Level 6.4 Spellcasting
 * Level 6.8 Conjurations
 + Level 1.8 Translocations


You had 7 spell levels left.
You knew the following spells:

 Your Spells              Type           Power        Failure   Level  Hunger
a - Magic Dart            Conj           ####         1%          1    None
b - Searing Ray           Conj           ####..       1%          2    None
c - Force Lance           Conj/Tloc      ###.....     26%         4    ####...
d - Iskenderun's Mystic   Conj           ####....     9%          4    ####...

Your spell library contained the following spells:

 Spells                   Type           Power        Failure   Level  Hunger
 Dazzling Spray           Conj/Hex       ###...       11%         3    ##.....
 Fulminant Prism          Conj/Hex       ###.......   36%         4    ####...


Dungeon Overview and Level Annotations

Branches:
Dungeon (7/15)             Temple (1/1) D:5

Altars:
Ashenzari
Cheibriados
Dithmenos
Elyvilon
Hepliaklqana
Makhleb
Okawaru
Qazlal
Ru
Trog
Uskayaw
Vehumet
Wu Jian
Xom
Yredelemnul
Zin
The Shining One

Shops:
D:4 :

Annotations:
D:4 1 runed translucent door, Crazy Yiuf, Edmund, Sigmund
D:6 exclusion: hippogriff, Grinder


Message History

Grinder is heavily wounded.
Grinder hits you.
You writhe in agony.
The searing ray hits Grinder!
Grinder is severely wounded.
You finish channeling your searing ray.
Grinder gestures at you.
You suddenly lose the ability to move!
Grinder hits you!
You writhe in agony.
Grinder gestures at you. You resist with some effort. Grinder gestures at you.
You shrug off the repeated paralysis!
Grinder gestures at you. You resist with some effort. Grinder hits you.
You writhe in agony.
* * * LOW HITPOINT WARNING * * *
Grinder hits you!
* * * LOW HITPOINT WARNING * * *
You writhe in agony.
You die...

.$#.# #. #.##.# .## #.
###.##.## .#
#.####........ # ##
#...........#.
##.#####...##.######.
##.............# #. #
##.....###...#### #.
.##.......###.## ##.
......5@..##.# #..
##.......###.# #>.
.............#########.#
####...########........#
#[># #.########
#..#########.# #
#............# #
##.########### # #.# #


You could see Grinder.

Vanquished Creatures
  2 sky beasts (D:5)
  An ogre (D:4)
  A centaur (D:4)
  2 scorpions
  2 orc wizards (D:4)
  2 centaur skeletons
  Jessica (D:2)
  2 worker ants
  Natasha (D:4)
  Robin (D:2)
  5 adders
  2 shadow imps
  An ooze (D:2)
  3 worms
  3 leopard geckos
  6 orcs
  11 bats
  4 giant cockroaches
  13 goblins
  8 hobgoblins
  2 quokkas
  A ball python (D:3)
  6 frilled lizards
  9 kobolds
  2 leopard gecko skeletons
  A leopard gecko zombie (D:5)
  A quokka skeleton (D:6)
  11 rats
104 creatures vanquished.

Notes
Turn   | Place    | Note
-------+----------+-------------------------------------------
     0 | D:1      | Mithandil the Deep Elf Conjurer began the quest for the
                  | Orb.
     0 | D:1      | Reached XP level 1. HP: 10/10 MP: 6/6
   194 | D:1      | Reached XP level 2. HP: 15/15 MP: 6/8
   198 | D:1      | Learned a level 2 spell: Searing Ray
  1095 | D:2      | Reached XP level 3. HP: 19/19 MP: 6/10
  1207 | D:2      | Noticed Jessica
  1214 | D:2      | Killed Jessica
  1214 | D:2      | Reached skill level 1 in Short Blades
  1214 | D:2      | Reached skill level 5 in Conjurations
  1367 | D:2      | Reached XP level 4. HP: 24/24 MP: 9/11
  1373 | D:2      | Learned a level 4 spell: Force Lance
  1388 | D:2      | Learned a level 4 spell: Iskenderun's Mystic Blast
  1719 | D:2      | Noticed Robin
  1731 | D:2      | Killed Robin
  2140 | D:3      | Reached XP level 5. HP: 28/28 MP: 6/13
  3057 | D:5      | Entered Level 5 of the Dungeon
  3281 | D:4      | Noticed an ogre
  3288 | D:4      | Killed an ogre
  3288 | D:4      | Reached skill level 5 in Spellcasting
  3288 | D:4      | Reached XP level 6. HP: 32/32 MP: 6/15
  3466 | D:4      | Noticed Edmund
  3528 | D:4      | Noticed Natasha
  3534 | D:4      | Killed Natasha
  3669 | D:4      | Found Pubuwnur's Book Emporium.
  3976 | D:4      | Reached skill level 1 in Translocations
  3976 | D:4      | Reached XP level 7. HP: 36/36 MP: 11/17
  3991 | D:4      | Found a runed translucent door.
  3992 | D:4      | Noticed Crazy Yiuf
  4150 | D:4      | Noticed Sigmund
  4382 | D:5      | Found a staircase to the Ecumenical Temple.
  4421 | Temple   | Entered the Ecumenical Temple
  4738 | D:6      | Noticed Grinder
  4793 | D:5      | Found a sacrificial altar of Ru.
  5023 | D:6      | Found a white marble altar of Elyvilon.
  5062 | D:6      | Noticed a hippogriff
  5238 | D:6      | Paralysed by Grinder for 7 turns
  5244 | D:6      | Slain by Grinder

Levels and vault maps discovered:
D:1:      minmay_arrival_plants_in_alcoves, layout_loops_ring
D:2:      layout_basic, uniq_robin, uniq_jessica
D:3:      layout_rooms, serial_corexii_hall, chequers_hall_statues_wall_a,
          corexii_hall_statues_s
D:4:      layout_gridville, first_ration, serial_shops, nicolae_shop_trees,
          chequers_serial_rivers_small_a, uniq_edmund, uniq_sigmund,
          uniq_crazy_yiuf_cottage, uniq_natasha
D:5:      layout_basic, minmay_temple_entry_sparse_star,
          nicolae_ru_the_path_less_chosen
D:6:      layout_loops_ring, elyvilon_altar_5,
          chequers_temple_overflow_statue_of_worship, uniq_grinder
D:7:      layout_layer_cave, uniq_menkaure, uniq_duvessa
Temple:   nicolae_temple_elliptical

Skill      XL: |  1  2  3  4  5  6  7 |
---------------+----------------------+-----
Short Blades   | 1 2 |  2.7
Stealth        | 3 4 |  4.8
Conjurations   | 5 6 |  6.8
Spellcasting   | 4 5 6 |  6.4
Dodging        | 3 4 |  4.4
Translocations | 1 |  1.8

Action                   |  1- 3 |  4- 6 |  7- 9 || total
-------------------------+-------+-------+-------++-------
Melee: Short sword       |     5 |    20 |       ||    25
       Dagger            |       |     5 |     3 ||     8
 Cast: Magic Dart        |    54 |   112 |    37 ||   203
       Searing Ray       |       |    10 |     6 ||    16
       Iskenderun's Myst |       |     3 |       ||     3
  Use: Scroll            |     1 |    10 |     1 ||    12
  Eat: Chunk             |     1 |     9 |       ||    10
       Ration            |       |       |     1 ||     1
Armor: Leather armour    |     2 |    11 |     9 ||    22
Dodge: Dodged            |     6 |    29 |    10 ||    45

Table legend:
 A = Non-vault XP
 B = Vault XP
 C = Vault XP percentage of total XP
 D = Non-vault monster count
 E = Vault monster count
 F = Vault count percentage of total count
                 A         B        C        D         E       F
            +---------+---------+-------+---------+---------+-------
      Total |    1086 |     115 |   9.6 |      89 |      15 |  14.4
            +---------+---------+-------+---------+---------+-------
        D:1 |      34 |       0 |   0.0 |      22 |       0 |   0.0
        D:2 |      52 |      79 |  60.3 |      15 |      14 |  48.3
        D:3 |      60 |       0 |   0.0 |      26 |       0 |   0.0
        D:4 |     485 |      36 |   6.9 |      13 |       1 |   7.1
        D:5 |     437 |       0 |   0.0 |       9 |       0 |   0.0
        D:6 |      18 |       0 |   0.0 |       4 |       0 |   0.0
            +---------+---------+-------+---------+---------+-------
